 Dungeon Crawl Stone Soup version 0.29-a0-322-g68df515428 (webtiles) character file.

Game seed: 16245611853403944061

1001 testman the Cudgeller (level 8, -6/83 HPs)
             Began as a Troll Fighter on Apr 6, 2022.
             Was an Initiate of Gozag.
             Mangled by a two-headed ogre
             ... wielding a +0 giant club
              (7 damage)
             ... on level 6 of the Dungeon.
             The game lasted 00:09:35 (3945 turns).

testman the Cudgeller (Troll Fighter)               Turns: 3945, Time: 00:09:36

Health: -6/83      AC:  8    Str: 27    XL:     8   Next: 0%
Magic:  7/7        EV: 10    Int:  4    God:    Gozag
Gold:   717        SH:  0    Dex:  9    Spells: 7/7 levels left

rFire   . . .      SeeInvis .   d - +0 giant spiked club
rCold   . . .      Faith    .   (shield currently unavailable)
rNeg    . . .      Spirit   .   b - +0 robe
rPois   .          Reflect  .   (helmet restricted)
rElec   .          Harm     .   (no cloak)
rCorr   .          Rampage  .   (gloves unavailable)
Will    .....                   (boots unavailable)
Stlth   +.........              (no amulet)
HPRegen 1.03/turn               h - +4 ring of protection
MPRegen 0.10/turn               (no ring)

@: no status effects
A: large, unfitting armour, claws 3, regeneration 1, shaggy fur 1, tough skin 1
a: Renounce Religion, Potion Petition, Call Merchant, Bribe Branch


You were on level 6 of the Dungeon.
You worshipped Gozag.
Gozag was pleased with you.
You visited 1 branch of the dungeon, and saw 6 of its levels.

You collected 717 gold pieces.

Inventory:

Hand Weapons
 a - a +0 flail
 d - a +0 giant spiked club (weapon)
Missiles
 f - 215 stones (quivered)
 y - 6 poisoned darts
Armour
 b - a +0 robe (worn)
 c - a +0 kite shield
Jewellery
 h - a +4 ring of protection (left claw)
Wands
 u - a wand of iceblast (4)
Scrolls
 g - 5 scrolls of magic mapping
 i - a scroll of blinking {unknown}
 j - a scroll of noise {unknown}
 m - a scroll of amnesia {unknown}
 n - a scroll of silence
 p - a scroll of identify {unknown}
 r - 2 scrolls of teleportation
 s - a scroll of enchant armour {unknown}
 v - a scroll of summoning {unknown}
 w - 2 scrolls of enchant weapon {unknown}
Potions
 e - 3 potions of degeneration {unknown}
 k - 2 potions of cancellation {unknown}
 l - a potion of heal wounds {unknown}
 o - 3 potions of invisibility {unknown}
 q - a potion of flight {unknown}
 t - a potion of magic {unknown}
 x - a potion of lignification {unknown}
 z - a potion of mutation {unknown}
 A - a potion of haste {unknown}


   Skills:
 + Level 6.0 Fighting
 + Level 6.2 Maces & Flails
 - Level 2.4 Dodging
 - Level 2.4 Shields


You had 7 spell levels left.
You didn't know any spells.
Your spell library contained the following spells:

 Spells                   Type           Power      Damage    Failure   Level
 Sublimation of Blood     Necr           0%         N/A       65%         2
 Wereblood                Tmut           0%         N/A       65%         2
 Fireball                 Conj/Fire      0%         3d3       100%        5
 Iskenderun's Battlesphe  Conj           0%         2d6       100%        5
 Conjure Ball Lightning   Conj/Air       0%         3x3d6     100%        6
 Orb of Destruction       Conj           0%         9d5       100%        7
 Summon Hydra             Summ           0%         N/A       100%        7


Dungeon Overview and Level Annotations

Branches:
Dungeon (6/15)
 Temple: D:4-7

Altars:
Elyvilon
Gozag
Xom
Yredelemnul

Shops:
D:5 =


Innate Abilities, Weirdness & Mutations

You are too large for most types of armour.
You have claws for hands.
Your natural rate of healing is unusually fast.
You are covered in fur. (AC +1)
You have tough skin. (AC +1)


Message History

The scorpion stings you.
The scorpion stings you but does no damage.
You puncture the scorpion!
You kill the scorpion!
Your Maces & Flails skill increases to level 6!
You hit the necrophage but do no damage.
The necrophage hits you but does no damage. x2
You barely miss the necrophage. The necrophage barely misses you.
You puncture the necrophage!
The necrophage is heavily damaged.
The necrophage hits you but does no damage.
You impale the necrophage!!
You destroy the necrophage!
Your Fighting skill increases to level 6!
You have reached level 8!
You now have 717 gold pieces (gained 11).
o - 3 fuming emerald potions (gained 2)
A two-headed ogre comes into view. It is wielding two +0 giant clubs.
The two-headed ogre moves out of view. 2 wights come into view.
You impale the two-headed ogre!!
The two-headed ogre is heavily wounded.
The two-headed ogre hits you with a +0 giant club! x2
You puncture the two-headed ogre!
The two-headed ogre is severely wounded.
A wight comes into view. It is wielding a +0 spear.
The two-headed ogre hits you with a +0 giant club.
The two-headed ogre hits you with a +0 giant club!
You barely miss the two-headed ogre.
The two-headed ogre is severely wounded.
The two-headed ogre barely misses you.
The two-headed ogre hits you with a +0 giant club!
You are too injured to fight recklessly!
The wight attacks as you move away! The wight barely misses you.
The two-headed ogre attacks as you move away!
The two-headed ogre hits you with a +0 giant club!!
* * * LOW HITPOINT WARNING * * *
The two-headed ogre hits you with a +0 giant club!
You die...
Your body crumbles into a pile of gold.

...........##.....##..######
#.......#..##........#...#
#.........#..##....######
##..<........#....##
#.................##
#..........>........###
#.............##..#....#
..............##.##....#
................@##....#
..............##zO#....#
............. ##.......## .
#.........# ............#.#
......z.#..###.#
........z.## .# ..........#
# ##.......##


You could see a two-headed ogre and 3 wights.

Vanquished Creatures
  A shadow (D:5)
  2 ogres
  2 necrophages
  4 scorpions
  A jelly (D:5)
  An orc priest (D:3)
  A hound (D:5)
  An iguana (D:4)
  Robin (D:3)
  4 gnolls (D:4)
  8 adders
  An ufetubus (D:5)
  3 worms
  A dart slug (D:4)
  4 orcs (D:3)
  2 endoplasms
  2 giant cockroaches (D:4)
  13 goblins
  10 hobgoblins
  4 jackals (D:1)
  5 kobolds
  5 quokkas
  5 ball pythons
  3 bats
  A frilled lizard (D:1)
85 creatures vanquished.

Notes
Turn   | Place    | Note
-------+----------+-------------------------------------------
     0 | D:1      | testman the Troll Fighter began the quest for the Orb.
     0 | D:1      | Reached XP level 1. HP: 22/22 MP: 0/0
    17 | D:1      | Noticed a minotaur skeleton
   330 | D:1      | Reached XP level 2. HP: 29/29 MP: 1/1
   594 | D:1      | Found a faded altar of an unknown god.
   856 | D:1      | Prayed at the altar of an unknown god.
   856 | D:1      | Became a worshipper of Gozag Ym Sagoz the Greedy
  1021 | D:2      | Reached XP level 3. HP: 35/37 MP: 2/2
  1992 | D:3      | Reached XP level 4. HP: 30/45 MP: 3/3
  2127 | D:3      | Noticed Robin
  2169 | D:3      | Killed Robin
  2593 | D:4      | Reached XP level 5. HP: 36/54 MP: 4/4
  2796 | D:4      | Noticed an ogre
  2818 | D:4      | Reached XP level 6. HP: 29/62 MP: 5/5
  3094 | D:4      | Reached skill level 5 in Maces & Flails
  3256 | D:4      | Reached skill level 5 in Fighting
  3384 | D:5      | Entered Level 5 of the Dungeon
  3390 | D:5      | Found a white marble altar of Elyvilon.
  3393 | D:5      | Found an opulent altar of Gozag.
  3397 | D:5      | Reached XP level 7. HP: 72/72 MP: 6/6
  3399 | D:5      | Found a basalt altar of Yredelemnul.
  3412 | D:5      | Noticed a shadow
  3425 | D:5      | Killed a shadow
  3507 | D:5      | Found a shimmering altar of Xom.
  3515 | D:5      | Found a shimmering altar of Xom.
  3515 | D:5      | Found a shimmering altar of Xom.
  3517 | D:5      | Found a shimmering altar of Xom.
  3518 | D:5      | Found a shimmering altar of Xom.
  3519 | D:5      | Found a shimmering altar of Xom.
  3691 | D:5      | Found Yvumeb's Jewellery Shoppe.
  3899 | D:6      | Reached XP level 8. HP: 83/83 MP: 7/7
  3935 | D:6      | Noticed a two-headed ogre
  3945 | D:6      | HP: 1/83 [two-headed ogre/+0 giant club (28)]
  3945 | D:6      | Mangled by a two-headed ogre

Illustrated notes

Levels and vault maps discovered:
D:1:      shiori_arrival_whats_in_store_for_you, layout_basic,
          basic_ecumenical_altar, dk_noncrumbling_4,
          chequers_serial_rivers_micro_e, minmay_large_rounded_square
D:2:      layout_loops_corners
D:3:      layout_basic, uniq_robin
D:4:      layout_basic, serial_corexii_hall, corexii_hall_statues_x,
          corexii_hall_statues_l
D:5:      layout_rooms, xom_redecorated, gammafunk_temple_overflow_forgotten,
          serial_shops, nicolae_shop_behind_doors
D:6:      layout_layer_cave, minivault_26

Skill      XL: |  1  2  3  4  5  6  7 |
---------------+----------------------+-----
Maces & Flails | 2 3 4 5 6 |  6.2
Fighting       | 3 4 5 6 |  6.0
Dodging        | |  2.4
Shields        | |  2.4

Action                   |  1- 3 |  4- 6 |  7- 9 || total
-------------------------+-------+-------+-------++-------
Melee: Flail             |   114 |   110 |       ||   224
       Giant spiked club |       |    83 |    34 ||   117
Throw: Stone             |     1 |       |     1 ||     2
  Use: Scroll            |       |     3 |       ||     3
       Potion            |       |     1 |       ||     1
 Stab: Sleeping          |     1 |       |       ||     1
       Distracted        |       |     1 |       ||     1
Armor: Robe              |    56 |   123 |    21 ||   200
Dodge: Dodged            |    39 |   114 |    14 ||   167
Block: Kite shield       |    41 |    39 |       ||    80

Table legend: (Time is in decaauts)
 A = Elapsed time spent in this place.
 B = Non-inter-level travel time spent in this place.
 C = Inter-level travel time spent in this place.
 D = Time resting spent in this place.
 E = Time spent auto-exploring this place.
 F = Levels seen in this place.
 G = Mean time per level.
                   A        B        C        D        E       F      G
               +--------+--------+--------+--------+--------+-----+--------+
         Total |   4096 |   3880 |    216 |     80 |   2951 |   6 |  682.7 |
       Dungeon |   4096 |   3880 |    216 |     80 |   2951 |   6 |  682.7 |
               +--------+--------+--------+--------+--------+-----+--------+

Top non-repeatable levels by time:
     D:4: 884 daAuts
     D:1: 884 daAuts
     D:2: 882 daAuts
     D:3: 865 daAuts
     D:5: 507 daAuts
     D:6: 72 daAuts
